 Dungeon Crawl Stone Soup version 0.25.1-2-g60ff931df9 (webtiles) character file.

Game seed: 6073705963135097810

65 Descartes the Covered (level 3, -6/33 HPs)
             Began as a Minotaur Berserker on Aug 13, 2020.
             Was a Believer of Trog.
             Mangled by a small abomination (13 damage)
             ... on level 2 of the Abyss.
             The game lasted 00:02:57 (1865 turns).

Descartes the Covered (Minotaur Berserker)          Turns: 1865, Time: 00:02:58

Health: -6/33      AC: 11    Str: 21    XL:     3   Next: 92%
Magic:  2/2        EV:  6    Int:  4    God:    Trog [**....]
Gold:   105        SH: 17    Dex: 10    Spells: 2/2 levels left

rFire    . . .     SeeInvis .   a - +0 hand axe
rCold    . . .     Gourm    .   t - +0 tower shield
rNeg     . . .     Faith    .   g - +0 scale mail
rPois    .         Spirit   .   (helmet restricted)
rElec    .         Reflect  +   (no cloak)
rCorr    .         Harm     .   (no gloves)
MR       .....                  (no boots)
Stlth    ..........             y - amulet of reflection
HPRegen  0.11/turn              i - +4 ring of protection
MPRegen  0.08/turn              (no ring)

@: no status effects
A: retaliatory headbutt, horns 2
a: Berserk, Trog's Hand, Renounce Religion


You were on level 2 of the Abyss.
You worshipped Trog.
Trog was pleased with you.
You were very hungry.

You visited 1 branch of the dungeon, and saw 2 of its levels.
You visited the Abyss 1 time.

You collected 105 gold pieces.

Inventory:

Hand Weapons
 a - a +0 hand axe (weapon)
Missiles
 h - 15 stones (quivered)
 k - 25 sling bullets
 l - 8 atropa-tipped darts
 q - 21 bolts
 x - 29 arrows
Armour
 b - a +0 animal skin
 g - a +0 scale mail (worn)
 t - a +0 tower shield (worn)
 B - the +3 robe of the Kettle-Drum {*Contam +Fly Dex+4 Stlth+, unknown}
   (You found it on level 2 of the Abyss)

   It affects your dexterity (+4).
   It lets you fly.
   It causes magical contamination when unequipped.
   It makes you more stealthy.
Jewellery
 i - a +4 ring of protection (left hand)
 y - an amulet of reflection (around neck)
Scrolls
 e - a scroll of remove curse {unknown}
 f - 2 scrolls of blinking {unknown}
 j - 3 scrolls of teleportation {unknown}
 o - a scroll of enchant weapon {unknown}
 p - 3 scrolls of identify {unknown}
 u - a scroll of magic mapping {unknown}
 v - a scroll of random uselessness {unknown}
 w - a scroll of amnesia {unknown}
Potions
 d - a potion of mutation {unknown}
 m - a potion of degeneration {unknown}
 n - a potion of haste {unknown}
 r - a potion of heal wounds {unknown}
 s - 2 potions of resistance {unknown}
 z - a potion of might {unknown}
 A - a potion of curing {unknown}
Comestibles
 c - 5 rations


   Skills:
 - Level 3.9 Fighting
 - Level 3.6 Axes
 + Level 4.6 Armour
 - Level 2.1 Dodging
 + Level 1.5 Shields


You had 2 spell levels left.
You didn't know any spells.
Your spell library was empty.

Dungeon Overview and Level Annotations

Branches:
Dungeon (2/15)

Altars:

Annotations:
D:2 Crazy Yiuf


Innate Abilities, Weirdness & Mutations

You reflexively headbutt those who attack you in melee.
You have a pair of horns on your head.


Message History

The small abomination hits you!
You hit the small abomination.
The small abomination is moderately damaged.
The small abomination hits you but does no damage.
The small abomination hits you!
* * * LOW HITPOINT WARNING * * *
The small abomination barely misses you.
A revenant comes into view.
You block the small abomination's attack.
You are feeling very hungry.
Found a fine robe.
You block the small abomination's attack.
You see here a fine robe.
B - a fine robe You block the small abomination's attack.
You block the small abomination's attack.
You block the small abomination's attack.
A fire bat comes into view. x2
You block the fire bat's attack. The small abomination hits you!
You die...

...##.... .......# #
......#. ### ##
..#.#.#.. #.# #
#.###....#... .##
..###..#....#.# .# ##..#
.....#..#.##.#.#..# #. #
#.....x#... ##. #.. ##
.....#b@##.#..#.##..####
b....#.#.#.#.###..#..#
.#. ###.....##..#...# .
.. #.##......##.. .. .
......#..##.. .#..# #.
###..### . .###.# ..
#### .. # .# . ..##.. .
# ...


You could see a small abomination and a fire bat.

Vanquished Creatures
  2 adders (D:2)
  2 worms (D:2)
  A dart slug (D:1)
  5 giant cockroaches
  5 hobgoblins
  3 jackals (D:2)
  A ball python (D:1)
  3 bats
  5 frilled lizards
  6 goblins
  2 kobolds
  4 rats
39 creatures vanquished.

Notes
Turn   | Place    | Note
-------+----------+-------------------------------------------
     0 | D:1      | Descartes the Minotaur Berserker began the quest for the
                  | Orb.
     0 | D:1      | Reached XP level 1. HP: 19/19 MP: 0/0
   262 | D:1      | Reached skill level 3 in Armour
   319 | D:1      | Reached XP level 2. HP: 27/27 MP: 1/1
   989 | D:2      | Reached skill level 4 in Armour
   991 | D:2      | Reached ** piety under Trog
   991 | D:2      | Reached XP level 3. HP: 26/33 MP: 2/2
  1299 | D:2      | Reached skill level 1 in Shields
  1793 | D:2      | Found a runed translucent door.
  1794 | D:2      | Noticed Crazy Yiuf
  1800 | D:2      | Cast into level 2 of the Abyss (Crazy Yiuf)
  1831 | Abyss:2  | Noticed a small abomination
  1841 | Abyss:2  | Noticed a revenant
  1854 | Abyss:2  | Got a fine robe
  1863 | Abyss:2  | Noticed a fire bat
  1863 | Abyss:2  | Noticed a fire bat
  1865 | Abyss:2  | Mangled by a small abomination

Illustrated notes

Levels and vault maps discovered:
D:1:      giann_forest_graveyard, layout_basic
D:2:      layout_basic, minmay_misc_feat_square, grunt_ministairs_6,
          nrook_mini_vaults, uniq_crazy_yiuf_cottage
Abyss:2:  base:
D:1

Skill      XL: |  1  2  3 |
---------------+----------+-----
Armour         | 3 4 |  4.6
Shields        | 1 |  1.5
Fighting       | |  3.9
Axes           | |  3.6
Dodging        | |  2.1

Action                   || total
-------------------------++-------
Melee: Hand axe          ||   111
       Headbutt          ||    13
 Stab: Sleeping          ||     1
  Eat: Chunk             ||     2
Armor: Animal skin       ||    21
       Scale mail        ||     2
Dodge: Dodged            ||    58
Block: Tower shield      ||    35
